 Dungeon Crawl Stone Soup version 0.17-a0-1636-g3119f2b (webtiles) character file.

8287 urechis the Conjurer (level 11, -2/64 HPs)
             Began as a Gargoyle Wizard on Aug 6, 2015.
             Was a Follower of Vehumet.
             Hit by a large rock thrown by a cyclops (40 damage)
             ... on level 9 of the Dungeon.
             The game lasted 01:01:19 (13725 turns).

urechis the Conjurer (Gargoyle Wizard)             Turns: 13725, Time: 01:01:19

Health: -2/64      AC: 15    Str: 11    XL:     11   Next: 28%
Magic:  16/22      EV: 13    Int: 22    God:    Vehumet [*.....]
Gold:   569        SH:  4    Dex: 10    Spells: 10 memorised, 5 levels left

rFire  + . .     SeeInvis +     b - +2 dagger (venom)
rCold  + . .     Clarity  .     B - +2 robe {rC+ rF+}
rNeg   + + .     SustAt   .     F - +0 buckler
rPois  ∞         Gourm    .     v - +0 helmet
rElec  +         Spirit   .     h - +0 cloak
rCorr  .         Warding  +     J - +0 pair of gloves
rMut   .         Stasis   .     (no boots)
MR     .....                    L - amulet of warding
Stlth  ++........               N - ring of see invisible
                                E - +2 ring of dexterity

@: not resistant to hostile enchantments, unstealthy
A: negative energy resistance 1, electricity resistance, unbreathing,
petrification resistance, rot immunity, AC +7
a: Renounce Religion


You were on level 9 of the Dungeon.
You worshipped Vehumet.
Vehumet was aware of your devotion.
You were not hungry.

You visited 2 branches of the dungeon, and saw 12 of its levels.

You collected 569 gold pieces.

Inventory:

Hand weapons
 a - a +2 whip of electrocution
 b - a +2 dagger of venom (weapon)
 x - a +0 quarterstaff
Armour
 h - a +0 cloak (worn)
 v - a +0 helmet (worn)
 B - a +2 robe of resistance (worn)
 F - a +0 buckler (worn)
 J - a +0 pair of gloves (worn)
Jewellery
 E - a +2 ring of dexterity (left hand)
 L - an amulet of warding (around neck)
 N - a ring of see invisible (right hand)
 Q - an uncursed ring of fire
Magical devices
 q - a wand of heal wounds (5)
Scrolls
 c - a scroll of enchant weapon {unknown}
 e - a scroll of holy word {unknown}
 g - a scroll of enchant armour
 i - a scroll of fear
 k - 3 scrolls of remove curse
 n - 3 scrolls of magic mapping
 p - 5 scrolls of amnesia
 w - 2 scrolls of blinking
 y - 2 scrolls of teleportation
 C - a scroll of noise {unknown}
 G - a scroll of immolation {unknown}
 H - 2 scrolls of recharging {unknown}
 K - a scroll of fog {unknown}
 M - 2 scrolls of identify
Potions
 f - 3 potions of lignification
 j - 3 potions of curing
 l - a potion of brilliance {unknown}
 m - 3 potions of heal wounds {unknown}
 o - 2 potions of might {unknown}
 r - a potion of cancellation {unknown}
 s - 6 potions of magic
 t - 3 potions of flight
 A - 2 potions of haste {unknown}
 D - 2 potions of cure mutation {unknown}
 O - 2 potions of berserk rage {unknown}
 P - a potion of poison {unknown}
Books
 I - a book of Conjurations

   Spells                             Type                      Level
   a - Magic Dart                     Conjuration                  1
   b - Searing Ray                    Conjuration                  2
   c - Dazzling Spray                 Conjuration/Hexes            3
   d - Fulminant Prism                Conjuration/Hexes            4
   e - Iskenderun's Mystic Blast      Conjuration                  4
   f - Iskenderun's Battlesphere      Conjuration/Charms           5
 R - a book of Party Tricks

   Spells                             Type                      Level
   a - Summon Butterflies             Summoning                    1
   b - Apportation                    Translocation                1
   c - Tukima's Dance                 Hexes                        3
   d - Alistair's Intoxication        Transmutation/Poison         4
   e - Invisibility                   Hexes                        6
 T - Suggedat's Collected Works on Aid
   (You found it on level 9 of the Dungeon)

   Spells                             Type                      Level
   a - Infusion                       Charms                       1
   b - Song of Slaying                Charms                       2
   c - Shroud of Golubria             Charms/Translocation         2
   d - Spectral Weapon                Hexes/Charms                 3
   e - Deflect Missiles               Charms/Air                   6
   f - Haste                          Charms                       6
Comestibles
 d - 11 bread rations
 u - 3 beef jerkies
 z - 5 meat rations
 S - 3 chunks of flesh


   Skills:
 + Level 5.9 Fighting
 + Level 4.5 Staves
 + Level 5.9 Armour
 + Level 5.0 Dodging
 - Level 2.1 Stealth
 + Level 3.5 Shields
 + Level 7.4 Spellcasting
 + Level 7.5 Conjurations
 - Level 0.8 Summonings
 - Level 0.8 Translocations
 + Level 4.8 Fire Magic
 + Level 4.1 Air Magic
 + Level 3.3 Evocations


You had 5 spell levels left.
You knew the following spells:

 Your Spells              Type           Power        Failure   Level  Hunger
a - Magic Dart            Conj           ####         1%          1    None
b - Mephitic Cloud        Conj/Pois/Air  ####....     6%          3    None
c - Blink                 Tloc           N/A          12%         2    None
d - Call Imp              Summ           ##......     12%         2    None
e - Repel Missiles        Chrm/Air       ###...       8%          2    None
f - Slow                  Hex            #.......     14%         2    None
g - Conjure Flame         Conj/Fire      #####...     1%          3    None
h - Searing Ray           Conj           #####.       1%          2    None
i - Sting                 Conj/Pois      ###.         1%          1    None
j - Apportation           Tloc           ##........   8%          1    None


Dungeon Overview and Level Annotations

Branches:
Dungeon (11/15)            Temple (1/1) D:7             Orc (0/4) D:11
   Lair: D:8-11

Altars:
Ashenzari
Cheibriados
Dithmenos
Elyvilon
Fedhas
Gozag
Kikubaaqudgha
Makhleb
Nemelex Xobeh
Okawaru
Qazlal
Ru
Sif Muna
Trog
Vehumet
Xom
Zin
The Shining One


Innate Abilities, Weirdness & Mutations

You are resistant to torment.
Your stone body is resilient (AC +7).
You are immune to poison.
You resist negative energy.
You are resistant to electric shocks.
You can survive without breathing.
You are immune to petrification.
You are immune to rotting.


Message History

Press: ? - help, Shift-Dir - straight line, f/p - cyclops
Aim: a cyclops (noxious fumes, lightly wounded)
The magic dart hits the cyclops.
The cyclops is lightly wounded.
The cyclops is engulfed in noxious fumes.
The cyclops throws a large rock.
The large rock misses you.
Press: ? - help, v - describe, . - travel
Here: a cyclops (noxious fumes, lightly wounded)
The floor, spattered with blood.
Casting: Magic Dart
Confirm with . or Enter, or press ? or * to list all spells.
Aiming: Magic Dart
Press: ? - help, Shift-Dir - straight line, f/p - cyclops
Aim: a cyclops (noxious fumes, lightly wounded)
The magic dart hits the cyclops.
The cyclops is lightly wounded.
The cyclops is engulfed in noxious fumes.
The cyclops throws a large rock.
The large rock hits you!!!
Ouch! That really hurt!
You die...

#.#####..#.....5....
###.#......#......##
..........#.(....##
#.#......#...........
#...##...#....#....#.
#§§..............#
#.C#.....##....?.#
#####§§#.....##......#
#.)...@#.....(....)..#
#÷####<#...#....######
#.# #(#.#........ #.#
###+######.## #.# ..
#.# #.# #.# #.#


You could see a cyclops.

Vanquished Creatures
  Erica (D:8)
  A fire crab (shapeshifter) (D:9)
  Pikel (D:4)
  An ugly thing (D:11)
  Maurice (D:8)
  A tengu conjurer (D:9)
  Prince Ribbit (D:8)
  Sigmund (D:2)
  3 hippogriffs
  A wraith (D:9)
  Edmund (D:4)
  Duvessa (D:5)
  5 orc warriors
  A black bear (D:11)
  A slave (D:4)
  A sky beast (D:8)
  An eye of draining (D:10)
  5 ice beasts
  A phantom (D:5)
  3 centaurs
  3 ogres
  6 giant frogs
  Dowan (D:5)
  2 gnoll sergeants
  2 scorpions (D:8)
  5 wights (D:7)
  3 hounds
  8 crimson imps
  7 orc wizards
  A quasit (D:10)
  3 giant frog zombies
  2 orc priests (D:3)
  2 giant frog skeletons
  2 jellies (D:6)
  5 gnoll shamans (D:3)
  2 centaur skeletons
  3 iguanas
  4 worker ants
  A killer bee zombie (D:9)
  A worker ant zombie (D:7)
  42 gnolls
  11 adders
  A shadow imp (D:6)
  An ooze (D:2)
  An adder zombie (D:5)
  2 adder skeletons
  A worm (D:3)
  10 giant geckos
  28 orcs
  7 bats
  3 giant cockroaches
  14 goblins
  8 hobgoblins
  32 jackals
  13 kobolds
  2 quokkas
  8 giant newts
  10 rats
289 creatures vanquished.

Vanquished Creatures (others)
  A plant (D:2)
1 creature vanquished.

Grand Total: 290 creatures vanquished

Notes
Turn   | Place    | Note
--------------------------------------------------------------
     0 | D:1      | urechis the Gargoyle Wizard began the quest for the Orb.
     0 | D:1      | Reached XP level 1. HP: 10/10 MP: 4/4
     0 | D:1      | Noticed a merfolk skeleton
     2 | D:1      | Noticed a draconian skeleton
     4 | D:1      | Noticed a minotaur skeleton
     5 | D:1      | Noticed an elf skeleton
     6 | D:1      | Noticed a centaur skeleton
     7 | D:1      | Noticed a draconian skeleton
    12 | D:1      | Noticed a merfolk skeleton
    14 | D:1      | Noticed a vine stalker skeleton
    18 | D:1      | Noticed a merfolk skeleton
    18 | D:1      | Noticed a human skeleton
   611 | D:1      | Reached XP level 2. HP: 15/15 MP: 3/6
  1246 | D:2      | Reached XP level 3. HP: 19/19 MP: 7/7
  1251 | D:2      | Learned a level 3 spell: Mephitic Cloud
  1254 | D:2      | Learned a level 2 spell: Blink
  1257 | D:2      | Learned a level 2 spell: Call Imp
  1433 | D:2      | Found a white marble altar of Elyvilon.
  1661 | D:2      | Reached XP level 4. HP: 17/24 MP: 6/9
  1670 | D:2      | Noticed Sigmund
  1847 | D:2      | Learned a level 2 spell: Repel Missiles
  2570 | D:3      | Reached skill level 4 in Spellcasting
  3140 | D:3      | Noticed a gnoll sergeant
  3166 | D:3      | Killed a gnoll sergeant
  3166 | D:3      | Reached XP level 5. HP: 28/28 MP: 1/11
  3249 | D:3      | Learned a level 2 spell: Slow
  3578 | D:3      | Reached XP level 6. HP: 32/32 MP: 7/13
  3599 | D:3      | Reached skill level 5 in Spellcasting
  3715 | D:3      | Learned a level 3 spell: Conjure Flame
  4600 | D:3      | Reached skill level 1 in Fighting
  4751 | D:3      | Reached skill level 1 in Armour
  4860 | D:3      | Reached XP level 7. HP: 29/38 MP: 10/14
  4916 | D:3      | Reached skill level 1 in Fire Magic
  5047 | D:3      | Reached skill level 1 in Air Magic
  5624 | D:3      | Reached skill level 5 in Conjurations
  6758 | D:2      | Killed Sigmund
  6758 | D:2      | Reached XP level 8. HP: 42/45 MP: 9/16
  6936 | D:4      | Got a shimmering short sword
  6937 | D:4      | Identified the cursed +1 short sword of Psychosis {elec, Dex+3} (You found it on level 4 of the Dungeon)
  7131 | D:4      | Reached skill level 1 in Staves
  7144 | D:4      | Found a shimmering altar of Xom.
  7333 | D:4      | Noticed Edmund
  7358 | D:4      | Killed Edmund
  7509 | D:4      | Noticed Pikel
  7523 | D:4      | Killed Pikel
  7591 | D:4      | Learned a level 2 spell: Searing Ray
  7883 | D:5      | Entered Level 5 of the Dungeon
  7890 | D:5      | Reached XP level 9. HP: 49/51 MP: 13/17
  7915 | D:5      | Noticed Duvessa
  7921 | D:5      | Noticed Dowan
  7946 | D:5      | Killed Duvessa
  7946 | D:5      | Reached skill level 6 in Spellcasting
  7960 | D:5      | Killed Dowan
  7960 | D:5      | Reached skill level 1 in Evocations
  9286 | D:6      | Found a sparkling altar of Nemelex Xobeh.
  9970 | D:7      | Reached skill level 1 in Shields
 10301 | D:6      | Identified a +0 rod of clouds (9/9) (You found it on level 7 of the Dungeon)
 10347 | D:7      | Found a staircase to the Ecumenical Temple.
 10357 | Temple   | Entered the Ecumenical Temple
 10365 | Temple   | Became a worshipper of Vehumet
 10468 | D:7      | Reached XP level 10. HP: 39/56 MP: 1/19
 10766 | D:8      | Noticed Prince Ribbit
 10802 | D:8      | Killed Prince Ribbit
 11162 | D:8      | You fall through a shaft for 3 floors!
 11177 | D:11     | Noticed a cyan ugly thing
 11215 | D:11     | Killed a cyan ugly thing
 11215 | D:11     | Reached skill level 5 in Armour
 11435 | D:11     | Acquired Vehumet's first power
 11435 | D:11     | Offered knowledge of Sting by Vehumet.
 11455 | D:11     | Learned a level 1 spell: Sting
 11462 | D:11     | Found a staircase to the Orcish Mines.
 11528 | D:10     | Entered Level 10 of the Dungeon
 11535 | D:10     | Reached skill level 7 in Conjurations
 11802 | D:9      | Reached skill level 5 in Fighting
 12653 | D:8      | Noticed Maurice
 12686 | D:8      | Killed Maurice
 12738 | D:8      | Noticed Erica
 12861 | D:8      | Learned a level 1 spell: Apportation
 13084 | D:8      | Killed Erica
 13084 | D:8      | Reached XP level 11. HP: 61/64 MP: 13/21
 13595 | D:9      | Noticed a fire crab
 13595 | D:9      | Identified Suggedat's Collected Works on Aid (You found it on level 9 of the Dungeon)
 13605 | D:9      | Noticed a cyclops
 13606 | D:9      | Killed a fire crab
 13606 | D:9      | Reached skill level 5 in Dodging
 13725 | D:9      | Hit by a large rock thrown by a cyclops

Vault maps used:
D:1:      shiori_arrival_whats_in_store_for_you
D:2:      lemuel_crystal_altar, serial_forest, infiniplex_forest_corner_2,
          infiniplex_forest_clump_diagonal, infiniplex_forest_clump_double,
          infiniplex_forest_end_3, infiniplex_forest_lined_room_2,
          infiniplex_forest_straight_3, infiniplex_forest_lined_room_3,
          uniq_sigmund
D:3:      lemuel_castle_with_subvaults, minmay_misc_feat_x
D:4:      lemuel_crystal_altar, first_bread, minmay_misc_feat_rows, uniq_pikel,
          uniq_edmund
D:5:      uniq_duvessa
D:6:      nemelex_diamond_rough_becter
D:7:      minmay_temple_entry_fiery
D:8:      uniq_maurice, uniq_erica, uniq_prince_ribbit1
D:9:      minmay_cut_squares, yredelemnul_forgotten_temple_becter,
          david_lair_shrubbed, special_room
D:11:     orc_0_dummy, the_bakery
Temple:   nicolae_temple_x_marks_the_god_16

Action                   |  1- 3 |  4- 6 |  7- 9 | 10-12 || total
-------------------------+-------+-------+-------+-------++-------
Melee: Unarmed           |    18 |       |       |       ||    18
       Dagger            |    40 |       |       |   273 ||   313
       Mace              |    45 |    99 |       |       ||   144
       Spear             |       |    60 |   113 |       ||   173
       Short sword       |       |       |   212 |    88 ||   300
       Whip              |       |       |       |     7 ||     7
 Cast: Magic Dart        |    50 |   158 |   275 |   135 ||   618
       Mephitic Cloud    |       |     8 |    16 |    16 ||    40
       Searing Ray       |       |       |     5 |       ||     5
       Conjure Flame     |       |       |     3 |       ||     3
       Blink             |       |       |     2 |     1 ||     3
       Call Imp          |       |       |     1 |       ||     1
  Use: Scroll            |       |    10 |     6 |       ||    16
 Stab: Sleeping          |     1 |     1 |     2 |     1 ||     5
       Confused          |       |     1 |     4 |     6 ||    11
  Eat: Chunk             |     2 |    10 |    18 |    11 ||    41
       Beef jerky        |       |     1 |       |       ||     1
